Map: King's Cove LE

Players

DarkTemplar - Winner!

  • Race: Zerg Zerg
  • Spawn Location: 11:00

DarwinAwdWnr

  • Race: Zerg Zerg
  • League: Platinum
  • Spawn Location: 5:00

VOD

Have the link to the VOD?

Description

Time

  • Played on: June 14, 2019, 11:50 p.m.
  • Length: 3:17
Show
View Real Time Build Order
Export as new Build Order

DarkTemplar Zerg - Winner!

Build Orders: 1 Base Baneling Bust, Pool Only 

Get SALT Encoding   

  12  0:18  Spawning Pool  
  11  0:22  Drone  
  11  0:25  Extractor  
  11  0:29  Drone  
  11  0:34  Drone  
  13  0:45  Overlord  
  13  1:06  Zergling x6  
  16  1:15  Baneling Nest  
  16  1:17  Zergling x2  
  16  1:28  Zergling x2  
  17  1:38  Zergling x2  
  18  1:49  Zergling x2  
  19  2:00  Baneling  
  19  2:01  Baneling x3  
  19  2:03  Zergling x2  
  20  2:24  Zergling x4  
  20  2:37  Zergling x2  
  20  2:43  Baneling x2  
Show
View Real Time Build Order
Export as new Build Order

DarwinAwdWnr Zerg 

Build Orders: Hatch First 

Get SALT Encoding   

  12  0:01  Drone  
  13  0:09  Drone  
  14  0:19  Overlord  
  14  0:37  Drone x3  
  17  0:57  Hatchery  
  16  1:06  Drone x2  
  18  1:14  Extractor  
  18  1:18  Drone  
  18  1:23  Spawning Pool  
  17  1:32  Drone x2  
  19  1:43  Drone  
  20  2:10  Zergling x6  
  20  2:13  Queen  
  25  2:16  Spine Crawler  
  25  2:19  Zergling x2  
  25  2:34  Zergling x2  
  14  2:43  Zergling x8  
  13  2:53  Zergling x2  
Tags
 
Add a new tag
Caveats
  • Supply blocks, unpowered buildings, or Contaminate may cause inaccurate times.
  • Supply counts are checked every 10 seconds.